 Dungeon Crawl Stone Soup version 0.28-a0-906-g0406aca7d3 (webtiles) character file.

Game seed: 9191528193245460545

10733 vurker the Thaumaturge (level 11, 52/52 (53) HPs)
             Began as a Felid Air Elementalist on Nov 23, 2021.
             Was a Follower of Vehumet.
             Quit the game on level 6 of the Lair of Beasts.
             The game lasted 00:36:29 (37814 turns).

vurker the Thaumaturge (Felid Air Elementalist)    Turns: 37814, Time: 00:36:29

HP:   52/52 (53)    AC:  3    Str:  4    XL:     11   Next: 40%
MP:   28/28         EV: 18    Int: 21    God:    Vehumet [*.....]
Gold: 1098          SH:  0    Dex: 23    Spells: 14/34 levels left
                                        Lives: 0   Deaths: 3

rFire   . . .      SeeInvis +   (weapon unavailable)
rCold   + . .      Faith    .   (shield unavailable)
rNeg    . . .      Spirit   .   (armour unavailable)
rPois   .          Reflect  .   (helmet unavailable)
rElec   .          Harm     .   (cloak unavailable)
rCorr   +          Rampage  .   (gloves unavailable)
Will    +....                   (boots unavailable)
Stlth   +++.......              (no amulet)
HPRegen 0.17/turn               r - +6 ring of dexterity
MPRegen 0.21/turn               k - ring of resist corrosion

@: lightly drained, quick
A: very small, claws 1, fangs 3, see invisible, speed 1, shaggy fur 3, stealthy
paws, no weapons or thrown items, no armour, multi-lived
a: Renounce Religion


You were on level 6 of the Lair of Beasts.
You worshipped Vehumet.
Vehumet was aware of your devotion.
You visited 3 branches of the dungeon, and saw 19 of its levels.
You also visited: Bailey.

You collected 1098 gold pieces.

Inventory:

Jewellery
 k - a ring of resist corrosion (right paw)
   (You found it on level 4 of the Lair of Beasts)
 r - a +6 ring of dexterity (left paw)
   (You found it on level 1 of the Lair of Beasts)
Wands
 e - a wand of charming (9)
   (You found it on level 7 of the Dungeon)
 n - a wand of mindburst (10)
   (You found it on level 11 of the Dungeon)
 q - a wand of polymorph (11)
   (You found it on level 5 of the Lair of Beasts)
 u - a wand of paralysis (21)
   (You took it off a kobold brigand on level 8 of the Dungeon)
Scrolls
 a - a scroll of fog
 j - 4 scrolls of amnesia
 o - a scroll of magic mapping
Potions
 b - 3 potions of heal wounds
 f - a potion of haste
 g - 8 potions of curing
 h - 3 potions of flight
 i - 2 potions of cancellation
 l - 3 potions of ambrosia
 m - a potion of resistance {unknown}


   Skills:
 + Level 9.4 Fighting
 - Level 2.6 Dodging
 - Level 2.6 Stealth
 * Level 12.4 Spellcasting
 - Level 3.0 Conjurations
 * Level 11.3 Ice Magic
 + Level 10.3 Air Magic


You had 14 spell levels left.
You knew the following spells:

 Your Spells              Type           Power      Damage    Failure   Level
a - Shock                 Conj/Air       100%       1d9       1%          1
b - Ozocubu's Refrigerat  Ice            28%        4d10      38%         7
c - Airstrike             Air            27%        N/A       1%          4
f - Maxwell's Capacitive  Air            27%        ∞         99%         8

Your spell library contained the following spells:

 Spells                   Type           Power      Damage    Failure   Level
 Freeze                   Ice            100%       1d11      1%          1
 Static Discharge         Conj/Air       41%        N/A       1%          2
 Ozocubu's Armour         Ice            57%        N/A       1%          3
 Swiftness                Air            54%        N/A       1%          3
 Mephitic Cloud           Conj/Pois/Air  31%        N/A       2%          3
 Beastly Appendage        Tmut           26%        N/A       4%          1
 Sandblast                Erth           26%        2d8       4%          1
 Summon Ice Beast         Ice/Summ       36%        N/A       4%          4
 Freezing Cloud           Conj/Ice/Air   23%        6-21      4%          5
 Passwall                 Tmut/Erth      10%        N/A       8%          2
 Wereblood                Tmut           13%        N/A       8%          2
 Conjure Flame            Conj/Fire      19%        6-21      9%          3
 Stone Arrow              Conj/Erth      38%        3d9       9%          3
 Lightning Bolt           Conj/Air       20%        1d35      9%          5
 Ignite Poison            Fire/Tmut/Pois 13%        N/A       16%         3
 Spider Form              Tmut/Pois      13%        N/A       16%         3
 Sticky Flame             Conj/Fire      19%        2d4       26%         4
 Summon Mana Viper        Hex/Summ       13%        N/A       80%         5
 Monstrous Menagerie      Summ           6%         N/A       100%        7


Dungeon Overview and Level Annotations

Branches:
Dungeon (12/15)            Temple (1/1) D:6            Lair (6/6) D:11
 Shoals (0/4) Lair:2        Snake (0/4) Lair:2        Slime (0/5) Lair:5
 Bailey (visited)
    Orc: D:9-12

Altars:
Ashenzari
Cheibriados
Dithmenos
Elyvilon
Fedhas
Gozag
Hepliaklqana
Kikubaaqudgha
Makhleb
Nemelex Xobeh
Okawaru
Qazlal
Ru
Sif Muna
Trog
Uskayaw
Vehumet
Wu Jian
Xom
Yredelemnul
Zin
The Shining One
Jiyva

Portals:
Abyss: D:4

Annotations:
D:4 2 transporters, benappo's ghost, amateur GnWn
D:11 Nergalle
Lair:2 exclusion: death yak


Innate Abilities, Weirdness & Mutations

You have sharp claws.
You have razor-sharp teeth.
You have supernaturally acute eyesight. (SInv)
You cover ground quickly. (Speed+)
Your thick and shaggy fur keeps you warm. (AC +3, rC+)
Your paws help you pounce on unaware monsters.
You are incapable of wielding weapons or throwing items.
You cannot wear armour.
You gain extra lives every three experience levels.


Message History

The cane toad stings you!
You are poisoned.
The cane toad poisons you!
Aim: a cane toad (severely wounded, empty space bonus: 3/8)
The air twists around and strikes the cane toad!
You feel very sick. The cane toad closely misses you.
Aim: a cane toad (almost dead, chance to affect: 46%)
The cane toad resists with some effort.
You feel very sick. The cane toad stings you.
* * * LOW HITPOINT WARNING * * *
The cane toad barely misses you.
Aim: a cane toad (almost dead, empty space bonus: 1/8)
The air twists around and strikes the cane toad.
You kill the cane toad!
Vehumet accepts your kill.
You feel very sick. The black mamba bites you!
* * * LOW HITPOINT WARNING * * *
Aim: a black mamba (empty space bonus: 2/8)
The air twists around and strikes the black mamba.
You feel sick. The black mamba closely misses you.
The black mamba completely misses you.
You don't have enough magic to cast this spell.
You don't have enough magic to cast this spell.
Unknown command.
You don't have enough magic to cast this spell.
You scratch the black mamba but do no damage.
You feel sick. The black mamba bites you!
* * * LOW HITPOINT WARNING * * *
You are more poisoned.
The black mamba poisons you!
You scratch the death yak but do no damage.
You bite the death yak, but do no damage.
You die...
You feel very sick.
You are now level 11!
You rejoin the land of the living...
A death yak, 2 spectral things, a skeleton and a simulacrum come into view.
A dire elephant comes into view.
The dire elephant trumpets!
An elephant simulacrum comes into view.
The spectral elephant misses you. The spectral elephant trunk-slaps you.
You feel drained.
A spectral thing, a zombie and a simulacrum come into view.
The spectral death yak gores the withered plant!!!
The withered plant begins to crumble.
You hear a trumpeting!
Okay, then.

## #♣8♣♣
#######♣♣#.Z.♣♣
#Z....@...8..8♣
+ZZ.P.#Z#PZ.♣♣
#ZP####YZ.##♣
## #....#+#
#P.YP#### #.##


You could see a death yak, a spectral death yak, a spectral elephant, a spectral
cane toad, an elephant simulacrum (wandering), 2 cane toad simulacra, an
elephant zombie (wandering) and a dire elephant skeleton.

Vanquished Creatures
  Nessos (Lair:4)
  3 hydras
  2 catoblepae
  4 two-headed ogres
  5 death yaks
  A lindwurm (Lair:2)
  2 oklob plants (Lair:5)
  A cyclops (D:11)
  4 black mambas
  5 elephants
  12 cane toads
  6 komodo dragons
  2 rime drakes
  A polar bear (Lair:4)
  2 trolls
  A blink frog (Lair:2)
  Sigmund (D:3)
  A wyvern (Lair:4)
  A wraith (D:10)
  Eustachio (D:5)
  2 basilisks
  31 yaks
  4 steam dragons
  4 vampire mosquitoes
  8 water moccasins
  A black bear (D:5)
  2 sky beasts (D:6)
  2 hornet zombies (D:7)
  3 orc warriors
  4 wolves
  3 centaurs
  5 ogres
  2 necrophages (D:7)
  A phantom (D:5)
  3 kobold brigands
  17 bullfrogs
  3 gnoll sergeants
  3 wyvern zombies
  3 water moccasin zombies
  A water moccasin skeleton (D:4)
  10 killer bees (D:7)
  7 wights
  3 electric eels
  A bullfrog zombie (D:6)
  5 howler monkeys
  7 centaur zombies
  3 hounds (D:6)
  A human zombie (D:7)
  4 jellies
  3 orc priests
  A bullfrog skeleton (D:4)
  6 orc wizards
  2 hound skeletons
  4 mummies (D:7)
  3 howler monkey zombies
  16 gnolls
  A howler monkey skeleton (D:6)
  4 adders
  2 shadow imps
  A white imp (D:7)
  An ufetubus (D:5)
  9 worms
  2 dart slugs
  16 orcs
  6 bats
  3 endoplasms
  A giant cockroach (D:3)
  4 goblins
  7 hobgoblins
  An iguana (D:7)
  3 jackals (D:3)
  7 ball pythons
  4 frilled lizards
  A hobgoblin zombie (D:7)
  17 kobolds
  A kobold zombie (D:7)
  7 rats
  A spectral goblin (D:1)
333 creatures vanquished.

Vanquished Creatures (others)
  A wolf (Lair:4)
  A bullfrog (Lair:3)
  A bush (Lair:5)
  54 fungi
  111 plants
  4 withered plants (Lair:6)
172 creatures vanquished.

Grand Total: 505 creatures vanquished

Notes
Turn   | Place    | Note
-------+----------+-------------------------------------------
     0 | D:1      | vurker the Felid Air Elementalist began the quest for the
                  | Orb.
     0 | D:1      | Reached XP level 1. HP: 7/7 MP: 4/4
   330 | D:1      | Reached skill level 1 in Conjurations
   353 | D:1      | Found a faded altar of an unknown god.
  1183 | D:1      | Reached XP level 2. HP: 7/12 MP: 0/6
  2074 | D:2      | Reached XP level 3. HP: 15/15 MP: 5/7
  2209 | D:2      | Reached skill level 1 in Fighting
  2607 | D:3      | Noticed Sigmund
  2801 | D:3      | Reached XP level 4. HP: 19/19 MP: 2/9
  2825 | D:2      | Reached skill level 3 in Spellcasting
  2911 | D:3      | Killed Sigmund
  2912 | D:3      | Reached XP level 5. HP: 22/22 MP: 0/11
  2912 | D:3      | Gained mutation: You are covered in thick fur. (AC +2)
                  | [Felid growth]
  2912 | D:3      | Reached XP level 6. HP: 26/26 MP: 0/12
  2917 | D:3      | Learned a level 4 spell: Airstrike
  4038 | D:3      | Noticed an angel
  4039 | D:3      | Found a glowing silver altar of Zin.
  4093 | D:4      | Reached skill level 4 in Spellcasting
  4286 | D:4      | Found a transporter.
  4288 | D:4      | Noticed a small abomination
  4484 | D:4      | Found a one-way gate to the infinite horrors of the Abyss.
  4484 | D:4      | Noticed benappo's ghost (amateur GnWn)
  4621 | D:4      | Found a transporter.
  4661 | D:4      | Reached XP level 7. HP: 16/30 MP: 3/14
  4874 | D:5      | Entered Level 5 of the Dungeon
  5090 | D:5      | Reached skill level 5 in Air Magic
  5482 | D:5      | Learned a level 7 spell: Ozocubu's Refrigeration
  5591 | D:5      | Reached skill level 5 in Spellcasting
  5675 | D:5      | Reached skill level 1 in Ice Magic
  5805 | D:5      | Noticed Eustachio
  5862 | D:5      | Killed Eustachio
  5863 | D:5      | Reached XP level 8. HP: 29/34 MP: 6/16
  6412 | D:5      | Found a sparkling altar of Nemelex Xobeh.
  6798 | D:6      | Found a shadowy altar of Dithmenos.
  6981 | D:6      | Found a staircase to the Ecumenical Temple.
  7001 | Temple   | Entered the Ecumenical Temple
  7348 | D:6      | Reached skill level 6 in Spellcasting
  8017 | D:6      | Reached XP level 9. HP: 39/39 MP: 6/19
  8799 | D:6      | Found a bloodstained altar of Trog.
  8818 | D:7      | Identified a scroll of acquirement
  8818 | D:7      | Acquired a book of Lightning
  8832 | D:7      | Learned a level 8 spell: Maxwell's Capacitive Coupling
  9530 | D:7      | Reached skill level 7 in Spellcasting
  9540 | D:7      | Reached skill level 5 in Fighting
 10024 | D:7      | Reached skill level 5 in Ice Magic
 10582 | D:7      | Found a shimmering altar of Xom.
 11377 | D:7      | Found a basalt altar of Yredelemnul.
 11914 | D:7      | Reached XP level 10. HP: 44/44 MP: 9/22
 12670 | D:8      | Found a flagged portal.
 12679 | Bailey   | Entered a bailey
 12679 | Bailey   | Noticed an orc knight
 13030 | D:8      | Found an opulent altar of Gozag.
 13113 | D:8      | Found a sacrificial altar of Ru.
 13383 | D:8      | Found an iron altar of Okawaru.
 13522 | D:8      | Reached skill level 8 in Spellcasting
 14252 | D:9      | Found a radiant altar of Vehumet.
 14262 | D:9      | Became a worshipper of Vehumet
 14690 | D:9      | Found a stormy altar of Qazlal.
 14870 | D:9      | Noticed a two-headed ogre
 14883 | D:9      | Killed a two-headed ogre
 15000 | D:9      | Found an ancient bone altar of Kikubaaqudgha.
 15708 | D:9      | Found a blossoming altar of Fedhas.
 16182 | D:10     | Entered Level 10 of the Dungeon
 16210 | D:10     | Noticed a two-headed ogre
 16216 | D:10     | Killed a two-headed ogre
 16414 | D:10     | Noticed a two-headed ogre
 16417 | D:10     | Killed a two-headed ogre
 16418 | D:10     | Reached skill level 9 in Spellcasting
 16850 | D:9      | Reached XP level 11. HP: 36/49 MP: 13/25
 17095 | D:10     | Noticed a two-headed ogre
 17116 | D:10     | Killed a two-headed ogre
 18256 | D:11     | Found a staircase to the Lair.
 19904 | D:11     | Noticed Nergalle
 20447 | D:12     | Shot with a bolt by a yaktaur
 20448 | D:12     | Reached XP level 10. HP: -13/42 MP: 9/24
 20597 | Lair:1   | Entered Level 1 of the Lair of Beasts
 20722 | Lair:1   | Noticed a cane toad
 20725 | Lair:1   | Killed a cane toad
 20725 | Lair:1   | Reached * piety under Vehumet
 20725 | Lair:1   | Offered knowledge of Freeze by Vehumet.
 20726 | Lair:1   | Reached skill level 10 in Spellcasting
 21003 | Lair:1   | Noticed a cane toad
 21008 | Lair:1   | Killed a cane toad
 21125 | Lair:1   | Noticed a black mamba
 21128 | Lair:1   | Killed a black mamba
 21217 | Lair:1   | You fall into a shaft and drop 1 floor!
 21253 | Lair:2   | Noticed a four-headed hydra
 21258 | Lair:2   | Killed a four-headed hydra
 21561 | Lair:1   | Reached XP level 11. HP: 50/50 MP: 6/26
 22819 | Lair:2   | Found a staircase to the Snake Pit.
 23186 | Lair:2   | Noticed a death yak
 23948 | Lair:2   | Found a staircase to the Shoals.
 24402 | Lair:2   | Noticed a lindwurm
 24410 | Lair:2   | Killed a lindwurm
 25023 | Lair:2   | Found a staircase to the Snake Pit.
 25677 | Lair:2   | Found a staircase to the Shoals.
 26022 | Lair:2   | Reached skill level 11 in Spellcasting
 26948 | Lair:3   | Noticed a catoblepas
 27461 | Lair:3   | Reached skill level 10 in Ice Magic
 28532 | Lair:3   | Killed a catoblepas
 28533 | Lair:3   | Gained mutation: Your thick and shaggy fur keeps you warm.
                  | (AC +3, rC+) [Felid growth]
 28533 | Lair:3   | Reached XP level 12. HP: 27/56 MP: 4/28
 29187 | Lair:4   | Noticed Nessos
 29189 | Lair:4   | Shot with an arrow by Nessos
 29190 | Lair:4   | Reached XP level 11. HP: -9/52 MP: 27/27
 29213 | Lair:4   | Killed Nessos
 30605 | Lair:4   | Found the +7 great mace "Firestarter" {inner flame, rF++}
 30850 | Lair:4   | Identified the +8 rapier "Viretrocs" {drain, rC+}
 31087 | Lair:5   | Noticed a death yak
 31087 | Lair:5   | Noticed a death yak
 31087 | Lair:5   | Noticed a death yak
 31118 | Lair:5   | Killed a death yak
 31581 | Lair:5   | Found a staircase to the Slime Pits.
 31632 | Lair:5   | Noticed a death yak
 31661 | Lair:5   | Killed a death yak
 31662 | Lair:5   | Reached skill level 10 in Air Magic
 31842 | Lair:5   | Found a blossoming altar of Fedhas.
 31844 | Lair:5   | Noticed an oklob plant
 32228 | Lair:5   | Killed an oklob plant
 32357 | Lair:5   | Noticed an oklob plant
 32969 | Lair:5   | Killed an oklob plant
 33468 | Lair:6   | Entered Level 6 of the Lair of Beasts
 33468 | Lair:6   | Noticed a seven-headed hydra
 33474 | Lair:6   | Killed a seven-headed hydra
 33475 | Lair:6   | Reached skill level 12 in Spellcasting
 33558 | Lair:6   | Noticed a four-headed hydra
 33563 | Lair:6   | Killed a four-headed hydra
 33831 | Lair:6   | Noticed a death yak
 33832 | Lair:6   | Noticed a death yak
 33832 | Lair:6   | Noticed a death yak
 33834 | Lair:6   | Noticed a death yak
 33836 | Lair:6   | Noticed a death yak
 34203 | Lair:6   | Noticed a catoblepas
 34517 | Lair:5   | Found a staircase to the Slime Pits.
 35243 | Lair:4   | Killed a death yak
 35244 | Lair:4   | Reached XP level 12. HP: 36/57 MP: 6/29
 36068 | Lair:4   | Killed a death yak
 36381 | Lair:5   | Found a blossoming altar of Fedhas.
 36488 | Lair:5   | Killed a death yak
 37633 | Lair:6   | Killed a catoblepas
 37787 | Lair:6   | Noticed a death yak
 37787 | Lair:6   | Noticed a death yak
 37787 | Lair:6   | Noticed a death yak
 37787 | Lair:6   | Noticed an eight-headed hydra
 37788 | Lair:6   | Noticed a death yak
 37806 | Lair:6   | HP: 2/57 [black mamba (8)]
 37807 | Lair:6   | Succumbed to a black mamba's poison
 37808 | Lair:6   | Reached XP level 11. HP: -3/53 MP: 1/28
 37808 | Lair:6   | Noticed a death yak
 37808 | Lair:6   | Noticed a dire elephant
 37814 | Lair:6   | Quit the game

Illustrated notes

Levels and vault maps discovered:
D:1:      evilmike_arrival_rings, layout_basic,
          dreamdust_ecumenical_altar_drowned_temple, minmay_misc_feat_tiny,
          chequers_garden
D:2:      layout_rooms, st_stairs_11
D:3:      layout_loops_ring, zin_angel, uniq_sigmund
D:4:      layout_gridville, gammafunk_ghost_abyssal_escape, fountainhead,
          lexackson_kobold_supper
D:5:      layout_loops_ring, marbit_many_paths, nicolae_wormholes,
          uniq_eustachio
D:6:      minmay_skewed_foursquare, layout_basic, lightli_temple_of_fire,
          mainiacjoe_overflow_24_doors, minmay_temple_entry_stoned_glass
D:7:      layout_basic, lemuel_mausoleum_altar_yredelemnul, dk_xom_monty_hall,
          nicolae_ossuary_entry_giza
D:8:      layout_gridville, grunt_gozag_statues, nicolae_overflow_hidden_temple,
          nicolae_ru_path_of_blood, enter_bailey_8
D:9:      layout_loops_corners, grunt_temple_overflow_forces_of_nature,
          mainiacjoe_overflow_paths, mainiacjoe_overflow_cross_hatched
D:10:     nicolae_cairo_tiling_large_dashed, layout_cave_pods
D:11:     layout_roguey, due_lair_maze_entry_diamond, hangedman_incinerator,
          uniq_nergalle
D:12:     layout_roguey, erik_orc_4, amcnicky_mini_corridor_feature
Temple:   pf_slimified_temple
Lair:1:   layout_layer_cave, chequers_serial_rivers_micro_b,
          chequers_serial_rivers_micro_a, infiniplex_staircase_pool_2
Lair:2:   layout_cellular_growth, elwin_shoals_entry_rocks, dummy_snake_entry,
          nicolae_volcano_entry_vermiform, st_stairs_9, grunt_megastairs_4
Lair:3:   layout_regular_city, lemuel_fruit_tree, serial_bayou_shore_a,
          serial_bayou_shore_b
Lair:4:   layout_small_grid, grunt_megastairs_5, wad_woods_river_01,
          serial_bayou_shore_b, infiniplex_staircase_pool, uniq_nessos
Lair:5:   layout_regular_city, nicolae_slime_entry_slimehenge,
          chequers_serial_rivers_marsh, hangedman_tree_tricks
Lair:6:   due_jungle_book, layout_cave_pods, serial_bayou_shore_b

Skill      XL: |  1  2  3  4  5  6  7  8  9 10 11 |
---------------+----------------------------------+-----
Conjurations   | 1 2 3 |  3.0
Air Magic      | 3 4 5 6 7 9 10 | 10.3
Fighting       | 1 2 3 4 5 6 9 |  9.4
Spellcasting   | 3 4 5 6 7 10 12 | 12.4
Ice Magic      | 1 3 5 7 11 | 11.3
Dodging        | |  2.6
Stealth        | |  2.6

Action                   |  1- 3 |  4- 6 |  7- 9 | 10-12 || total
-------------------------+-------+-------+-------+-------++-------
Melee: Unarmed           |    13 |     7 |       |    17 ||    37
       Bite              |     1 |       |       |     2 ||     3
 Cast: Shock             |    84 |   109 |   276 |    71 ||   540
       Airstrike         |       |       |    77 |   636 ||   713
Evoke: Wand              |       |       |       |    23 ||    23
  Use: Scroll            |       |       |    13 |    19 ||    32
       Potion            |       |       |       |     6 ||     6
 Stab: Paralysed         |       |       |       |    11 ||    11
Armor: Skin              |     1 |     5 |    10 |    39 ||    55
Dodge: Dodged            |    14 |    39 |   120 |   152 ||   325

Table legend: (Time is in decaauts)
 A = Elapsed time spent in this place.
 B = Non-inter-level travel time spent in this place.
 C = Inter-level travel time spent in this place.
 D = Time resting spent in this place.
 E = Time spent auto-exploring this place.
 F = Levels seen in this place.
 G = Mean time per level.
                   A        B        C        D        E       F      G
               +--------+--------+--------+--------+--------+-----+--------+
         Total |  34779 |  33864 |    915 |   5821 |  24349 |  20 | 1738.9 |
       Dungeon |  18566 |  18105 |    461 |   2404 |  13781 |  12 | 1547.2 |
        Temple |    487 |    472 |     15 |    373 |     80 |   1 |  487.0 |
          Lair |  15718 |  15279 |    439 |   3044 |  10486 |   6 | 2619.7 |
        Bailey |      7 |      7 |      0 |      0 |      0 |   1 |    7.0 |
               +--------+--------+--------+--------+--------+-----+--------+

Top non-repeatable levels by time:
  Lair:4: 3678 daAuts
  Lair:5: 3606 daAuts
     D:7: 3532 daAuts
  Lair:2: 3151 daAuts
  Lair:3: 2639 daAuts
  Lair:1: 2156 daAuts
    D:10: 1933 daAuts
     D:9: 1908 daAuts
    D:11: 1709 daAuts
     D:6: 1694 daAuts
     D:8: 1601 daAuts
     D:5: 1531 daAuts
     D:1: 1434 daAuts
     D:2: 1180 daAuts
     D:3: 1063 daAuts
